 Dungeon Crawl Stone Soup version 0.30-a0-23-ge60ba3568b (webtiles) character file.

Game seed: 5140882195678951374

56 Cedruin the Chopper (level 3, -1/28 HPs)
             Began as a Demonspawn Gladiator on Aug 24, 2022.
             Slain by a kobold
             ... wielding a +0 whip of electrocution
              (19 damage)
             ... on level 2 of the Dungeon.
             The game lasted 00:01:36 (1805 turns).

Cedruin the Chopper (Demonspawn Gladiator)          Turns: 1805, Time: 00:01:37

Health: -1/28      AC:  6    Str: 16    XL:     3   Next: 71%
Magic:  3/3        EV: 12    Int:  9    God:
Gold:   99         SH:  0    Dex: 14    Spells: 2/2 levels left

rFire   . . .      SeeInvis .    a - +1 war axe
rCold   . . .      Faith    .    (no shield)
rNeg    . . .      Spirit   .    b - +0 leather armour
rPois   .          Reflect  .    c - +0 helmet
rElec   .          Harm     .    (no cloak)
rCorr   .          Rampage  .    (no gloves)
Will    .....                    (no boots)
Stlth   +.........               (no amulet)
HPRegen 0.09/turn                (no ring)
MPRegen 0.08/turn                (no ring)

@: no status effects
A: molten scales 1, ignite blood 1
a: no special abilities


You were on level 2 of the Dungeon.
You visited 1 branch of the dungeon, and saw 2 of its levels.

You collected 99 gold pieces.

Inventory:

Hand Weapons
 a - a +1 war axe (weapon)
Missiles
 e - 3 javelins (quivered)
Armour
 b - a +0 leather armour (worn)
 c - a +0 helmet (worn)
Potions
 f - a potion of might {unknown}
 g - 2 potions of degeneration {unknown}
 i - a potion of heal wounds {unknown}
 j - a potion of magic {unknown}
 k - a potion of berserk rage
 l - a potion of curing {unknown}


   Skills:
 + Level 2.6 Fighting
 * Level 3.6 Axes
 - Level 1.7 Throwing
 + Level 3.1 Dodging


You had 2 spell levels left.
You didn't know any spells.
Your spell library contained the following spells:

 Spells                   Type           Power      Damage    Failure   Level
 Freeze                   Ice            0%         1d3       45%         1
 Magic Dart               Conj           0%         1d3       45%         1
 Shock                    Conj/Air       0%         1d3       45%         1
 Searing Ray              Conj           0%         2d4       58%         2
 Frozen Ramparts          Ice            0%         1d1       83%         3
 Swiftness                Air            0%         N/A       83%         3
 Airstrike                Air            0%         2d(0-16)  99%         4
 Anguish                  Hex/Necr       0%         N/A       99%         4
 Fulminant Prism          Conj/Hex       0%         3d6       99%         4
 Hailstorm                Conj/Ice       0%         3d3       99%         4
 Enfeeble                 Hex            0%         N/A       100%        7


Dungeon Overview and Level Annotations

Branches:
Dungeon (2/15)

Altars:

Shops:
D:2 =

Annotations:
D:2 Terence


Innate Abilities, Weirdness & Mutations

You are partially covered in molten scales. (AC +2)
Your demonic aura sometimes causes spilled blood to erupt in flames.


Message History

Press: ? - help, Q - select action, (/) - cycle Shift-Dir - straight line, f/p - Terence
Aim: Terence, wielding a +0 morningstar and wearing a +0 scale mail (moderately wounded, berserk, 63% to hit)
You throw a throwing net. The throwing net hits Terence.
Terence is caught in the net!
Terence is moderately wounded.
Terence struggles against the net.
As you read the scroll of teleportation, it crumbles to dust.
You feel strangely unstable.
Terence struggles against the net. x2
Terence struggles against the net.
The net rips apart, and Terence comes free!
Terence attacks as you move away! Terence hits you with a +0 morningstar!
* * * LOW HITPOINT WARNING * * *
Your surroundings suddenly seem different.
You hear a shout!
You hear a shout!
You hear a shout!
You hear a shout!
A rat comes into view.
An adder comes into view.
The adder hisses angrily.
The adder moves out of view.
A kobold comes into view.
It is wielding a +0 whip of electrocution.
Found a stone staircase leading down.
The kobold shouts!
You slash the rat!
You kill the rat!
You hit the adder.
The adder is heavily wounded.
The adder misses you. The adder bites you but does no damage.
You miss the adder.
The adder is heavily wounded.
The adder barely misses you. The adder completely misses you.
You slash the adder!
You kill the adder!
You closely miss the kobold. The kobold barely misses you.
You closely miss the kobold. The kobold hits you but does no damage.
The kobold hits you with a +0 whip of electrocution.
You are electrocuted!!
Ouch! That really hurt!
You die...

.##.##.##.[...#
.##.##.##.#...#
....##.##.....#
..........[..##
..###.#####.##
..#.........#
..#.#.#######
......#
############
..#####
#.@.........
..#
#K####.#....
..<# ... # .
...# #.... ...#
...>.. ...#
#.#.... ...# #
#.... ...######
#.... .........


You could see a kobold.

Vanquished Creatures
  2 adders (D:2)
  4 dart slugs
  5 endoplasms
  2 giant cockroaches (D:1)
  2 goblins (D:1)
  A hobgoblin (D:2)
  2 quokkas
  5 ball pythons (D:1)
  A bat (D:2)
  A frilled lizard (D:2)
  3 kobolds (D:1)
  3 rats
31 creatures vanquished.

Notes
Turn   | Place    | Note
-------+----------+-------------------------------------------
     0 | D:1      | Cedruin the Demonspawn Gladiator began the quest for the
                  | Orb.
     0 | D:1      | Reached XP level 1. HP: 16/16 MP: 1/1
   617 | D:1      | Gained mutation: Your demonic aura sometimes causes spilled
                  | blood to erupt in flames. [demonic ancestry]
   617 | D:1      | Reached XP level 2. HP: 22/22 MP: 2/2
  1325 | D:2      | Gained mutation: You are partially covered in molten
                  | scales. (AC +2) [demonic ancestry]
  1325 | D:2      | Reached XP level 3. HP: 24/28 MP: 3/3
  1504 | D:2      | Found Rad Faol's Jewellery Shoppe.
  1518 | D:2      | Found a faded altar of an unknown god.
  1625 | D:2      | Noticed Terence
  1805 | D:2      | Slain by a kobold

Illustrated notes

Levels and vault maps discovered:
D:1:      reono_arrival_mine, layout_basic
D:2:      layout_loops_cross, serial_shops, shop,
          shapermc_ecumenical_altar_mp_highgroup, minmay_strange_pillars,
          uniq_terence

Skill      XL: |  1  2 |
---------------+-------+-----
Axes           | 3 |  3.6
Dodging        | 3 |  3.1
Fighting       | |  2.6
Throwing       | |  1.7

Action                   || total
-------------------------++-------
Melee: War axe           ||    74
       Punch             ||     1
Throw: Throwing net      ||     3
  Use: Scroll            ||     3
Armor: Leather armour    ||    24
Dodge: Dodged            ||    40

Table legend: (Time is in decaauts)
 A = Elapsed time spent in this place.
 B = Non-inter-level travel time spent in this place.
 C = Inter-level travel time spent in this place.
 D = Time resting spent in this place.
 E = Time spent auto-exploring this place.
 F = Levels seen in this place.
 G = Mean time per level.
                   A        B        C        D        E       F      G
               +--------+--------+--------+--------+--------+-----+--------+
         Total |   1829 |   1813 |     16 |      0 |   1580 |   2 |  914.5 |
       Dungeon |   1829 |   1813 |     16 |      0 |   1580 |   2 |  914.5 |
               +--------+--------+--------+--------+--------+-----+--------+

Top non-repeatable levels by time:
     D:1: 1285 daAuts
     D:2: 544 daAuts
